 Dungeon Crawl Stone Soup version 0.28.0-53-g5a82cb258f (webtiles) character file.

Game seed: 13938993670164324570

49 issech the Chopper (level 3, 0/33 HPs)
             Began as a Minotaur Monk on June 7, 2022.
             Slain by an orc priest
             ... wielding a +0 hand axe
              (6 damage)
             ... on level 5 of the Dungeon.
             The game lasted 00:03:52 (1691 turns).

issech the Chopper (Minotaur Monk)                  Turns: 1691, Time: 00:03:53

Health: 0/33       AC:  3    Str: 15    XL:     3   Next: 51%
Magic:  2/2        EV: 12    Int:  7    God:
Gold:   49         SH:  3    Dex: 14    Spells: 2/2 levels left

rFire   . . .      SeeInvis .   a - +0 hand axe
rCold   . . .      Faith    .   i - +0 buckler
rNeg    . . .      Spirit   .   h - +0 leather armour
rPois   .          Reflect  .   (helmet restricted)
rElec   .          Harm     .   (no cloak)
rCorr   .          Rampage  .   (no gloves)
Will    .....                   (no boots)
Stlth   ++........              (no amulet)
HPRegen 0.11/turn               (no ring)
MPRegen 0.08/turn               (no ring)

@: no status effects
A: horns 2, retaliatory headbutt
a: no special abilities


You were on level 5 of the Dungeon.
You visited 1 branch of the dungeon, and saw 4 of its levels.

You collected 49 gold pieces.

Inventory:

Hand Weapons
 a - a +0 hand axe (weapon)
 g - a +1 vampiric dagger
Missiles
 f - 64 arrows
Armour
 b - a +0 robe
 h - a +0 leather armour (worn)
 i - a +0 buckler (worn)
Magical Staves
 c - a staff of cold
 m - a staff of death
Scrolls
 d - a scroll of enchant armour {unknown}
 e - a scroll of identify {unknown}
Potions
 j - 2 potions of mutation {unknown}
 k - 2 potions of degeneration {unknown}
 l - a potion of brilliance {unknown}
 n - 2 potions of heal wounds {unknown}


   Skills:
 + Level 4.0 Fighting
 + Level 4.8 Axes
 + Level 3.6 Dodging
 + Level 1.7 Stealth
 + Level 0.2 Shields


You had 2 spell levels left.
You didn't know any spells.
Your spell library was empty.

Dungeon Overview and Level Annotations

Branches:
Dungeon (3/15)

Altars:

Annotations:
D:5 Sigmund


Innate Abilities, Weirdness & Mutations

You have a pair of horns on your head.
You reflexively headbutt those who attack you in melee.


Message History

There is an open door here.
n - 2 sapphire potions Sigmund the Dreaded comes into view.
He is wielding a +1 scythe of venom.
You see here a +0 robe.
An orc and an orc wizard come into view.
The orc wizard shouts!
You hear a shout! x2
An orc priest comes into view. It is wielding a +0 hand axe.
The orc wizard casts a spell.
The orc wizard flickers and vanishes!
Deactivating autopickup; reactivate with Ctrl-A.
You hear a shout!
An orc and a hound skeleton come into view.
The orc shouts! x2
The hound skeleton moves out of view.
You slash the orc priest!
The orc priest is heavily wounded.
You hit the hound skeleton but do no damage.
The orc priest hits you with a +0 hand axe.
You block the hound skeleton's attack. The orc closely misses you.
The orc priest calls down the wrath of Beogh upon you.
Beogh smites you!
You hit the orc priest but do no damage.
The orc priest is heavily wounded.
You hit the hound skeleton.
A hound skeleton comes into view.
The hound skeleton bites you. The orc barely misses you.
The orc priest closely misses you.
You barely miss the orc priest.
The orc priest is heavily wounded.
You miss something.
The orc hits you from afar with a +0 trident!
* * * LOW HITPOINT WARNING * * *
The orc priest closely misses you.
You hit the orc priest.
The orc priest is almost dead.
You completely miss something. You block something's attack.
The orc hits you from afar with a +0 trident.
* * * LOW HITPOINT WARNING * * *
The orc priest hits you with a +0 hand axe.
You die...

#.....................
#.........[...........
#.....................
##########.####.#####'##
.......###.####.##....##
.......#................
...Z..o#................
.....o{#................
.....Zo@.#.##.####'##.##
...############.....####
#.....#... #.....#..>
#.....#... #.....#...
#.....#### #######


You could see an orc priest, 2 orcs and 2 hound skeletons.

Vanquished Creatures
  An adder skeleton (D:2)
  A worm (D:2)
  A dart slug (D:1)
  8 ball pythons
  4 endoplasms
  A giant cockroach (D:1)
  2 hobgoblins
  4 jackals (D:1)
  4 quokkas
  2 bats (D:1)
  A frilled lizard (D:1)
  3 goblins
  2 kobolds
  2 rats (D:1)
36 creatures vanquished.

Notes
Turn   | Place    | Note
-------+----------+-------------------------------------------
     0 | D:1      | issech the Minotaur Monk began the quest for the Orb.
     0 | D:1      | Reached XP level 1. HP: 19/19 MP: 0/0
   263 | D:1      | Reached XP level 2. HP: 27/27 MP: 1/1
   269 | D:1      | Found a faded altar of an unknown god.
   863 | D:1      | Reached XP level 3. HP: 33/33 MP: 2/2
  1592 | D:3      | You fall into a shaft and drop 2 floors!
  1592 | D:5      | Entered Level 5 of the Dungeon
  1652 | D:5      | Noticed Sigmund
  1691 | D:5      | Slain by an orc priest

Illustrated notes

Levels and vault maps discovered:
D:1:      nzn_arrival_depleted_hourglass, layout_loops_corners,
          basic_ecumenical_altar
D:2:      layout_basic, kennysheep_generic_room_14
D:3:      layout_basic, tgw_fedhas
D:5:      layout_gridville, minmay_temple_entry_trees, minmay_misc_feat_five,
          lemuel_old_faithful, uniq_sigmund

Skill      XL: |  1  2 |
---------------+-------+-----
Axes           | 4 |  4.8
Fighting       | 4 |  4.0
Dodging        | |  3.6
Stealth        | |  1.7
Shields        | |  0.2

Action                   || total
-------------------------++-------
Melee: Hand axe          ||    78
       Headbutt          ||    15
 Stab: Sleeping          ||     2
Armor: Robe              ||     4
       Leather armour    ||    10
Dodge: Dodged            ||    58
Block: Buckler           ||     6
